 Dungeon Crawl Stone Soup version 0.31-a0-369-g8eba5f6939 (webtiles) character file.

Game seed: 9200433783604990492

31201 zero the Grappler (level 13, -15/139 HPs)
             Began as a Troll Shapeshifter on July 28, 2023.
             Was a High Priest of Okawaru.
             Demolished by Flippered's ghost (17 damage)
             ... on level 3 of the Lair of Beasts.
             The game lasted 00:18:26 (11941 turns).

zero the Grappler (Troll Shapeshifter)             Turns: 11941, Time: 00:18:27

Health: -15/139    AC: 16    Str: 26    XL:     13   Next: 24%
Magic:  17/17      EV:  8    Int:  4    God:    Okawaru [*****.]
Gold:   1589       SH:  8    Dex: 14    Spells: 12/12 levels left

rFire   . .          .
                       - Unarmed
rCold   . . .        O - +0 kite shield
rNeg    . . .        b - +0 acid dragon scales
rPois   .            (helmet currently unavailable)
rElec   .            l - melded +0 cloak
rCorr   +            (gloves unavailable)
SInv    .            (boots unavailable)
Will    .....        u - amulet of regeneration
Stlth   +            m - +4 ring of protection
HPRegen 2.03/turn    s - +4 ring of protection
MPRegen 0.15/turn

%: no passive effects
@: beast-form
A: beast (slay +5), large, unfitting armour, claws 3, regeneration 1, shaggy fur
1, tough skin 1
a: Begin Untransformation, Renounce Religion, Heroism, Finesse, Duel


You were on level 3 of the Lair of Beasts.
You worshipped Okawaru.
Okawaru was extremely pleased with you.
You were a hulking beast.
You visited 4 branches of the dungeon, and saw 16 of its levels.
You also visited: Sewer.

You collected 1643 gold pieces.
You spent 54 gold pieces at shops.

Inventory:

Missiles
 e - 4 throwing nets
 g - 5 curare-tipped darts
 q - a datura-tipped dart
 D - 2 large rocks (quivered)
 I - 14 javelins
Armour
 b - +0 acid dragon scales (worn)
 l - a +0 cloak (melded)
 O - a +0 kite shield (worn)
Jewellery
 j - a ring of see invisible
 m - a +4 ring of protection (left claw)
 n - an amulet of reflection
 o - a ring of resist corrosion
 s - a +4 ring of protection (right claw)
 u - an amulet of regeneration (around neck)
 M - a ring of protection from fire
Talismans
 c - a beast talisman
 y - a blade talisman
Wands
 a - a wand of iceblast (6)
 t - a wand of flame (29)
 J - a wand of polymorph (1)
 K - a wand of paralysis (7)
 L - a wand of digging (4)
Scrolls
 h - 4 scrolls of vulnerability
 p - a scroll of identify
 v - a scroll of fog
 z - 3 scrolls of poison
 C - 2 scrolls of teleportation
Potions
 d - 4 potions of might
 f - a potion of resistance
 i - a potion of ambrosia {unknown}
 k - 3 potions of enlightenment
 r - 3 potions of haste
 w - 2 potions of cancellation
 A - a potion of invisibility {unknown}
 G - a potion of brilliance {unknown}
 H - 3 potions of attraction {unknown}
 N - 2 potions of curing
Miscellaneous
 x - a condenser vane
 B - a lightning rod (4/4)


   Skills:
 + Level 11.6 Fighting
 - Level 5.0 Throwing
 - Level 1.5 Dodging
 + Level 2.4 Shields
 + Level 12.7 Unarmed Combat
 + Level 7.1 Invocations
 - Level 3.0 Evocations
 + Level 7.5 Shapeshifting


You had 12 spell levels left.
You didn't know any spells.
Your spell library contained the following spells:

 Spells                   Type           Power      Damage    Failure   Level
 Shock                    Conj/Air       0%         1d3       83%         1
 Slow                     Hex            0%         N/A       83%         1
 Poisonous Vapours        Pois/Air       0%         N/A       92%         2
 Scorch                   Fire           0%         2d5       92%         2
 Confusing Touch          Hex            0%         N/A       99%         3
 Ignite Poison            Fire/Tmut/Pois 0%         N/A       99%         3
 Inner Flame              Hex/Fire       0%         N/A       99%         3
 Mephitic Cloud           Conj/Pois/Air  0%         N/A       99%         3
 Swiftness                Air            0%         N/A       99%         3
 Vampiric Draining        Necr           0%         2d6       99%         3
 Airstrike                Air            0%         2d(0-16)  100%        4
 Cause Fear               Hex            0%         N/A       100%        4
 Flame Wave               Conj/Fire      0%         2d4       100%        4
 Sticky Flame             Conj/Fire      0%         2d3       100%        4
 Alistair's Intoxication  Tmut/Pois      0%         N/A       100%        5
 Borgnjor's Vile Clutch   Necr/Erth      0%         N/A       100%        5
 Fireball                 Conj/Fire      0%         3d3       100%        5
 Freezing Cloud           Conj/Ice/Air   0%         6-21      100%        5
 Eringya's Noxious Bog    Tmut/Pois      0%         4d6       100%        6
 Fire Storm               Conj/Fire      0%         5d1       100%        9
 Animate Dead             Necr           Unusable   N/A       N/A         4
 Death Channel            Necr           Unusable   N/A       N/A         6
 Dragon's Call            Summ           Unusable   N/A       N/A         9

Dungeon Overview and Level Annotations

Branches:
Dungeon (11/15)            Temple (1/1) D:6            Lair (3/5) D:10
  Swamp (1/4) Lair:2       Spider (0/4) Lair:3        Sewer (visited)
    Orc: D:9-12

Altars:
Ashenzari
Cheibriados
Dithmenos
Elyvilon
Fedhas
Gozag
Hepliaklqana
Kikubaaqudgha
Makhleb
Nemelex Xobeh
Okawaru
Qazlal
Ru
Sif Muna
Trog
Uskayaw
Vehumet
Wu Jian
Xom
Yredelemnul
Zin
The Shining One

Shops:
D:2 [

Annotations:
D:6 1 runed translucent door, MrCrawl's ghost, novice TeFE
D:8 3 runed translucent doors, Samael12321's ghost, novice TrBe
Lair:3 Flippered's ghost, journeyman GnDe


Innate Abilities, Weirdness & Mutations

You are a hulking beast.
Your limbs bulge with bestial killing power. (Slay +5)
You are too large for most types of armour.
You have claws for hands.
Your natural rate of healing is unusually fast.
You are covered in fur. (AC +1)
You have tough skin. (AC +1)


Message History

The black mamba poisons you! You block Flippered's ghost's attack.
The water moccasin closely misses you.
You barely miss the black mamba.
* * * LOW HITPOINT WARNING * * *
You feel extremely sick. The black mamba bites you!
* * * LOW HITPOINT WARNING * * *
The water moccasin bites you but does no damage.
Flippered's ghost whispers, "Meet the emptiness of death!"
Flippered's ghost hits you but does no damage.
The polar bear bites you.
* * * LOW HITPOINT WARNING * * *
The polar bear barely misses you. You block the polar bear's attack.
You feel much better.
You feel extremely sick. You block the black mamba's attack.
The water moccasin closely misses you. The black mamba bites you!
* * * LOW HITPOINT WARNING * * *
Flippered's ghost hits you.
* * * LOW HITPOINT WARNING * * *
The polar bear bites you.
* * * LOW HITPOINT WARNING * * *
The polar bear barely misses you. x2
You feel better. You block the black mamba's attack.
You block the water moccasin's attack.
The black mamba bites you but does no damage.
The water moccasin bites you but does no damage.
Flippered's ghost hits you!!
* * * LOW HITPOINT WARNING * * *
The polar bear closely misses you.
The polar bear claws you but does no damage.
You block the polar bear's attack.
Okay, then.
The polar bear attacks as you move away!
The polar bear bites you but does no damage.
The polar bear claws you but does no damage.
You block the polar bear's attack.
Flippered's ghost attacks as you move away!
Flippered's ghost hits you!
You die...

#..............................###
##.............................#
#......#########...............#
##...#..#.......#...............#
.#......#.......#...............##
^##..#..#.?.....'................#
^.##....#.?.....'.(.............##
...#....#.!.....hWS.......#..##.P#
.>.#....#.......#hS........###..##
...#....#.......#.........## ##..#
##.#....#########.........# #.P#
###.#....................#####.##
##(..#...........................#
......#.....##.P##..............##
#.....###...#######.............#
.....P##..#########.............#
.....P#.#.###P##P.#.............#


You could see a polar bear, a black mamba, a water moccasin and Flippered's
ghost.

Vanquished Creatures
  A quicksilver ooze (Lair:3)
  A bunyip (Lair:2)
  Harold (Lair:2)
  Erolcha (D:10)
  A catoblepas (Lair:3)
  A boulder beetle (D:11)
  4 death yaks (Lair:1)
  2 two-headed ogres (D:10)
  Urug (Lair:3)
  Sonja (D:10)
  4 bog bodies (Lair:2)
  A deep elf pyromancer (D:10)
  2 ugly things
  A manticore (D:10)
  A torpor snail (Lair:3)
  A black mamba (Lair:2)
  6 cane toads
  A rime drake (Lair:2)
  An efreet (D:10)
  2 komodo dragons (Lair:1)
  A freezing wraith (D:10)
  A troll (D:10)
  A polar bear (Lair:2)
  7 blink frogs
  2 jumping spiders (Lair:3)
  2 centaur simulacra (D:10)
  32 yaks
  2 wyverns
  2 shadows
  A basilisk (Lair:3)
  3 redbacks (Lair:3)
  2 vampire mosquitoes
  2 wargs (D:10)
  An acid dragon (D:10)
  7 water moccasins
  Pargi (Sewer)
  4 orc warriors
  21 wolves
  An ice beast (D:5)
  A sky beast (D:7)
  An ogre (D:6)
  2 boggarts (D:10)
  3 phantoms
  3 centaurs
  6 kobold brigands
  7 bullfrogs
  3 scorpions
  2 gnoll sergeants
  3 wights (D:10)
  7 killer bees
  An electric eel (Lair:2)
  4 howler monkeys
  2 gnoll boudas
  4 orc priests (D:10)
  2 hounds
  2 iguanas
  4 orc wizards
  8 hell rats
  50 gnolls
  12 adders
  2 shadow imps
  A white imp (D:8)
  An ufetubus (D:7)
  4 worms
  3 dart slugs
  16 orcs
  5 bats
  8 endoplasms
  4 giant cockroaches
  3 goblins
  8 hobgoblins
  6 jackals
  3 quokkas
  10 ball pythons
  4 frilled lizards
  45 kobolds
  2 rats
379 creatures vanquished.

Vanquished Creatures (collateral kills)
  A troll (D:11)
1 creature vanquished.

Vanquished Creatures (others)
  A bloated husk (Swamp:1)
  3 vampire mosquitoes (Swamp:1)
4 creatures vanquished.

Grand Total: 384 creatures vanquished

Notes
Turn   | Place    | Note
-------+----------+-------------------------------------------
     0 | D:1      | zero the Troll Shapeshifter began the quest for the Orb.
     0 | D:1      | Reached XP level 1. HP: 18/18 MP: 0/0
   167 | D:1      | Reached skill level 1 in Fighting
   274 | D:1      | Reached XP level 2. HP: 27/27 MP: 1/1
   344 | D:1      | Found a faded altar of an unknown god.
   694 | D:2      | Found Faacrepu's Armour Emporium.
   698 | D:2      | Found a hide-covered altar of Uskayaw.
   699 | D:2      | Bought a +0 cloak for 54 gold pieces
   724 | D:2      | Reached XP level 3. HP: 35/35 MP: 2/2
  1108 | D:2      | Reached skill level 4 in Unarmed Combat
  1111 | D:2      | Reached XP level 4. HP: 36/42 MP: 3/3
  1940 | D:3      | Found an ancient bone altar of Kikubaaqudgha.
  1946 | D:3      | Found an ornate altar of the Wu Jian Council.
  1946 | D:3      | Found a radiant altar of Vehumet.
  1947 | D:3      | Found a blossoming altar of Fedhas.
  1948 | D:3      | Found a shimmering altar of Xom.
  2087 | D:3      | Reached XP level 5. HP: 52/52 MP: 4/4
  2357 | D:4      | Noticed a phantom
  2367 | D:4      | Killed a phantom
  2368 | D:4      | Reached skill level 5 in Unarmed Combat
  2373 | D:4      | Reached XP level 6. HP: 61/61 MP: 5/5
  2828 | D:4      | Reached skill level 6 in Unarmed Combat
  2830 | D:4      | Reached XP level 7. HP: 70/70 MP: 6/6
  2973 | D:4      | Reached skill level 5 in Fighting
  3184 | D:4      | Identified the +5 flail "Arcanum" {flame, Int+4}
  3256 | D:4      | Found a glowing silver altar of Zin.
  3516 | D:5      | Entered Level 5 of the Dungeon
  3563 | D:5      | Reached skill level 7 in Unarmed Combat
  3589 | D:5      | Reached XP level 8. HP: 81/81 MP: 7/7
  3721 | D:5      | Found a glowing drain.
  3734 | Sewer    | Entered a sewer
  3762 | Sewer    | Noticed Pargi
  3769 | Sewer    | Killed Pargi
  4168 | D:5      | Reached skill level 8 in Unarmed Combat
  4451 | D:6      | Found a staircase to the Ecumenical Temple.
  4460 | Temple   | Entered the Ecumenical Temple
  4583 | D:6      | Found an opulent altar of Gozag.
  4691 | D:6      | Found a runed translucent door.
  4698 | D:6      | Noticed MrCrawl's ghost (novice TeFE)
  5110 | D:7      | Reached XP level 9. HP: 88/92 MP: 8/8
  5150 | D:7      | Reached skill level 9 in Unarmed Combat
  5192 | D:7      | Found a snail-covered altar of Cheibriados.
  5557 | D:8      | Found a runed translucent gate.
  5558 | D:8      | Found a runed translucent gate.
  5558 | D:8      | Found a runed translucent gate.
  5559 | D:8      | Noticed Samael12321's ghost (novice TrBe)
  5564 | D:8      | Got Sif Muna's Grimoire of Untold Secrets
  5565 | D:8      | Noticed a fire dragon
  6101 | D:8      | You fall into a shaft and drop 3 floors!
  6125 | D:11     | Noticed a troll
  6128 | D:11     | Killed a troll
  6167 | D:10     | Entered Level 10 of the Dungeon
  6290 | D:9      | Found a sacrificial altar of Ru.
  6307 | D:9      | Identified the +12 whip "Jitsen" {freeze, Drain rN+ Int+3
                  | SInv}
  6514 | D:9      | Reached skill level 10 in Unarmed Combat
  6599 | D:9      | Found an iron altar of Okawaru.
  6630 | D:9      | Became a worshipper of Warmaster Okawaru
  6655 | D:9      | Reached * piety under Okawaru
  6669 | D:9      | Reached XP level 10. HP: 85/107 MP: 9/9
  7153 | D:10     | Noticed Erolcha
  7188 | D:10     | Killed Erolcha
  7189 | D:10     | Reached skill level 1 in Throwing
  7189 | D:10     | Reached skill level 1 in Invocations
  7247 | D:10     | Found a staircase to the Lair.
  7248 | D:10     | Noticed Sonja
  7280 | D:10     | Noticed a two-headed ogre
  7291 | D:10     | HP: 1/104 [two-headed ogre/+0 giant spiked club (10)]
  7301 | D:10     | Killed a two-headed ogre
  7301 | D:10     | Reached ** piety under Okawaru
  7385 | D:10     | Found a broken altar of Ashenzari.
  7404 | D:10     | Reached *** piety under Okawaru
  7448 | D:10     | Killed Sonja
  7449 | D:10     | Reached skill level 10 in Fighting
  7617 | D:10     | Noticed a manticore
  7624 | D:10     | Killed a manticore
  7624 | D:10     | Received a gift from Okawaru
  7625 | D:10     | Reached XP level 11. HP: 108/117 MP: 12/12
  7734 | D:10     | Received a gift from Okawaru
  7743 | D:10     | Noticed a deep elf pyromancer
  7750 | D:10     | Killed a deep elf pyromancer
  7873 | D:10     | Noticed a two-headed ogre
  7876 | D:10     | Killed a two-headed ogre
  8006 | D:10     | Noticed a green ugly thing
  8019 | D:10     | Killed a green ugly thing
  8019 | D:10     | Reached **** piety under Okawaru
  8020 | D:10     | Reached skill level 11 in Unarmed Combat
  8020 | D:10     | Reached skill level 1 in Evocations
  8157 | D:11     | Noticed a boulder beetle
  8163 | D:11     | Killed a boulder beetle
  8163 | D:11     | Received a gift from Okawaru
  8164 | D:11     | Reached skill level 5 in Shapeshifting
  8175 | D:11     | Noticed a purple ugly thing
  8184 | D:11     | Killed a purple ugly thing
  8217 | Lair:1   | Entered Level 1 of the Lair of Beasts
  9277 | Lair:1   | Reached ***** piety under Okawaru
  9290 | Lair:1   | Noticed a death yak
  9290 | Lair:1   | Noticed a death yak
  9290 | Lair:1   | Noticed a death yak
  9290 | Lair:1   | Noticed a death yak
  9310 | Lair:1   | Killed a death yak
  9312 | Lair:1   | Killed a death yak
  9312 | Lair:1   | Received a gift from Okawaru
  9313 | Lair:1   | Reached skill level 5 in Throwing
  9313 | Lair:1   | Reached skill level 5 in Invocations
  9317 | Lair:1   | Killed a death yak
  9318 | Lair:1   | Reached XP level 12. HP: 90/128 MP: 12/14
  9321 | Lair:1   | Killed a death yak
  9575 | Lair:2   | Received a gift from Okawaru
  9633 | Lair:2   | Noticed Harold
  9646 | Lair:2   | Killed Harold
  9788 | Lair:2   | Identified the +2 robe of the Pink Corner {Will+} (Okawaru
                  | gifted it to you on level 2 of the Lair of Beasts)
  9788 | Lair:2   | Received a gift from Okawaru
  9817 | Lair:2   | Reached skill level 12 in Unarmed Combat
 10360 | Lair:2   | Found a staircase to the Swamp.
 10391 | Swamp:1  | Entered Level 1 of the Swamp
 10427 | Swamp:1  | Noticed a bunyip
 10437 | Lair:2   | Killed a bunyip
 10807 | Lair:3   | Found a hole to the Spider Nest.
 10823 | Lair:3   | Reached skill level 1 in Shields
 10841 | Lair:3   | Reached XP level 13. HP: 70/137 MP: 17/17
 10943 | Lair:3   | Found a runed translucent gate.
 10943 | Lair:3   | Found a runed translucent gate.
 10943 | Lair:3   | Found a runed translucent gate.
 10946 | Lair:3   | Noticed Flippered's ghost (journeyman GnDe)
 11140 | Lair:3   | Noticed Urug
 11177 | Lair:3   | Killed Urug
 11523 | Lair:3   | a 12-headed hydra changed into a quicksilver ooze
 11523 | Lair:3   | Noticed a quicksilver ooze
 11528 | Lair:3   | Killed a quicksilver ooze
 11641 | Lair:3   | Identified a scroll of acquirement
 11641 | Lair:3   | Acquired 620 gold pieces
 11940 | Lair:3   | HP: 2/139 [Flippered's ghost (18)]
 11941 | Lair:3   | Demolished by Flippered's ghost

Illustrated notes

Levels and vault maps discovered:
D:1:      scummos_arrival_gate, layout_loops_ring,
          shapermc_ecumenical_altar_starsandcircs, feat_on_display
D:2:      layout_basic, basic_altar, serial_shops, shop
D:3:      layout_basic, minitemple, minmay_shallow_snake_nest
D:4:      minmay_goblin_kobold_castle, layout_loops_ring, zin_statuary,
          abandoned_shop
D:5:      layout_basic, portal_sewer_entry_d
D:6:      layout_loops_ring, kennysheep_little_box,
          minmay_temple_entry_gardened_gates, ebering_ghost_reflecting_pool,
          minmay_misc_feat_cross
D:7:      layout_loops_ring, general_overflow_altar, chequers_decorated_corner,
          minivault_4
D:8:      layout_loops_ring, gammafunk_ghost_split
D:9:      layout_irregular_city, nicolae_overflow_crystal_walls,
          hangedman_ru_absence
D:10:     minmay_the_grid_triangle_9x9_recursive_2
          [minmay_the_grid_triangle_9x9_prize_insulated,
          minmay_the_grid_triangle_9x9_warning,
          minmay_the_grid_triangle_9x9_shrine,
          minmay_the_grid_triangle_9x9_thin_v], layout_loops_ring,
          mainiacjoe_overflow_small_starburst, erik_lair_orcish_takeover,
          amcnicky_mini_pool_small, uniq_sonja, uniq_erolcha
D:11:     layout_loops_corners, zombieorc2_lemuel, uniq_josephine, uniq_fannar
Temple:   chequers_temple_sunken
Lair:1:   layout_roguey
Lair:2:   layout_regular_city, nicolae_swamp_entry_splash_gauntlet,
          nicolae_lair_grove_arrangements, uniq_harold
Lair:3:   layout_chaotic_city, spider_nest_entry_funnel_web,
          gammafunk_ghost_split, uniq_urug
Swamp:1:  layout_basic_swamp, evilmike_swamp_ruin_house_5, swamp_pool4,
          infiniplex_staircase_pool

Skill      XL: |  1  2  3  4  5  6  7  8  9 10 11 12 13 |
---------------+----------------------------------------+-----
Fighting       | 1 2 3 4 5 6 9 10 11 | 11.6
Unarmed Combat | 4 5 6 7 8 10 11 12 | 12.7
Throwing       | 3 5 |  5.0
Invocations    | 3 5 6 7 |  7.1
Shapeshifting  | 4 5 7 |  7.5
Evocations     | 2 3 |  3.0
Shields        | 1 2 |  2.4
Dodging        | |  1.5

Action                     |  1- 3 |  4- 6 |  7- 9 | 10-12 | 13-15 || total
---------------------------+-------+-------+-------+-------+-------++-------
  Melee: Unarmed           |    60 |   113 |   319 |   462 |    90 ||  1044
         Punch             |     3 |     3 |    12 |    30 |       ||    48
  Throw: Large rock        |       |       |       |     2 |       ||     2
         Dart              |       |       |       |     3 |     5 ||     8
         Throwing net      |       |       |       |       |     4 ||     4
 Invoke: Heroism           |       |       |       |    10 |     1 ||    11
  Evoke: Wand              |       |       |     2 |     4 |     3 ||     9
         Lightning rod     |       |       |       |     1 |       ||     1
    Use: Scroll            |       |       |    17 |     6 |     3 ||    26
         Potion            |       |       |       |     6 |     4 ||    10
   Stab: Distracted        |       |       |       |     2 |       ||     2
 Armour: Animal skin       |    19 |    47 |   173 |    91 |       ||   330
         Skin              |       |       |       |    19 |       ||    19
         Acid dragon scale |       |       |       |   159 |   105 ||   264
  Dodge: Dodged            |    19 |    46 |   174 |   232 |    61 ||   532
  Block: Other             |     5 |     4 |       |       |       ||     9
         Kite shield       |       |       |       |    23 |    77 ||   100
         Form:             |     1 |       |       |       |       ||     1
         Beast             |     1 |       |       |       |       ||     1

Table legend: (Time is in decaauts)
 A = Elapsed time spent in this place.
 B = Non-inter-level travel time spent in this place.
 C = Inter-level travel time spent in this place.
 D = Time resting spent in this place.
 E = Time spent auto-exploring this place.
 F = Levels seen in this place.
 G = Mean time per level.
                   A        B        C        D        E       F      G
               +--------+--------+--------+--------+--------+-----+--------+
         Total |  11782 |  10853 |    929 |    881 |   7559 |  17 |  693.1 |
       Dungeon |   8406 |   7718 |    688 |    438 |   5691 |  11 |  764.2 |
        Temple |      1 |      0 |      1 |      0 |      0 |   1 |    1.0 |
          Lair |   3216 |   2976 |    240 |    442 |   1787 |   3 | 1072.0 |
         Swamp |     19 |     19 |      0 |      0 |      0 |   1 |   19.0 |
         Sewer |    138 |    138 |      0 |      0 |     81 |   1 |  138.0 |
               +--------+--------+--------+--------+--------+-----+--------+

Top non-repeatable levels by time:
    D:10: 1212 daAuts
     D:4: 1199 daAuts
  Lair:3: 1174 daAuts
  Lair:2: 1114 daAuts
     D:3: 972 daAuts
  Lair:1: 927 daAuts
     D:2: 854 daAuts
     D:9: 787 daAuts
     D:8: 778 daAuts
     D:5: 697 daAuts
     D:6: 674 daAuts
     D:7: 599 daAuts
     D:1: 521 daAuts
   Sewer: 138 daAuts
    D:11: 109 daAuts
